AoeStats
← NWII_WAR_OmniManco

Fortress

510136685Analyzed
2v2 RM · 2d ago on Sep 29, 2026· 67m 37s· 4 players
Game mode
Random Map
Map size
Normal (6 player)
Population
200
Speed
Normal
Resources
Standard
Victory
Conquest
Starting age
Dark Age
Ending age
Imperial Age
RankedLock teamsTeams togetherTeam positionsShared explorationLock speedFull tech treeHidden civsTurbo modeCheats
Victory
Defeat
🇷🇺 Italians · Russia
1268
+17
🇷🇺 Celts · Russia
1220
+18
🇺🇸 Khmer · United States
1288
-18
🇨🇴 Spanish · Colombia
1270
-17
SAMOAN SHOTGUN
7:37 Feudal Age
10:31 Castle Age
9:28 Double-Bit Axe
11:39 Bow Saw
20:38 Elite Skirmisher
24:33 Padded Archer Armor
24:25 Fletching
24:38 Padded Archer Armor
25:59 Bodkin Arrow
28:42 Loom
28:47 Town Watch
34:27 Imperial Age
35:31 Conscription
35:15 Double Crossbow
36:04 Light Cavalry
36:56 Bloodlines
37:03 Forging
38:00 Husbandry
37:28 Hussar
39:24 Iron Casting
38:55 Scale Barding Armor
41:46 Blast Furnace
41:10 Heavy Scorpion
43:56 Chemistry
43:02 Siege Engineers
43:19 Ballistics
48:23 Fortified Wall
55:00 Wheelbarrow
NWII_WAR_OmniManco
7:49 Feudal Age
11:41 Castle Age
9:56 Double-Bit Axe
10:53 Horse Collar
12:40 Bow Saw
18:57 Wheelbarrow
18:32 Heavy Plow
20:51 Gold Mining
24:02 Fletching
24:52 Hand Cart
24:45 Bodkin Arrow
25:48 Town Watch
26:53 Stone Mining
29:50 Imperial Age
27:23 Husbandry
28:18 Forging
28:21 Bloodlines
28:44 Ballistics
28:59 Scale Barding Armor
28:18 Light Cavalry
29:51 Iron Casting
31:02 Chain Barding Armor
30:17 Hussar
32:00 Two-Man Saw
32:09 Chemistry
32:23 Blast Furnace
31:27 Elite Conquistador
34:03 Plate Barding Armor
33:32 Bracer
34:53 Cavalier
36:45 Padded Archer Armor
36:31 Paladin
37:50 Masonry
50:33 Leather Archer Armor
50:38 Caravan
53:34 Ring Archer Armor
53:36 Architecture
60:14 Conscription
61:54 Stone Shaft Mining
MisterGabby
7:58 Feudal Age
12:12 Castle Age
9:59 Double-Bit Axe
9:57 Horse Collar
13:24 Wheelbarrow
16:00 Loom
16:28 Padded Archer Armor
18:00 Fletching
21:56 Wheelbarrow
21:51 Bodkin Arrow
21:53 Town Watch
24:00 Leather Archer Armor
25:12 Heavy Plow
25:39 Bow Saw
25:48 Gold Mining
27:01 Hand Cart
31:24 Imperial Age
29:31 Stone Mining
30:06 Town Patrol
33:09 Chemistry
32:55 Bracer
33:26 Ring Archer Armor
33:38 Ballistics
33:08 Light Cavalry
33:58 Bloodlines
33:49 Husbandry
34:01 Forging
33:56 Scale Barding Armor
34:05 Hussar
35:10 Elite Genoese Crossbowman
37:33 Stone Shaft Mining
37:36 Masonry
37:06 Treadmill Crane
38:18 Guilds
38:57 Iron Casting
41:19 Architecture
42:10 Blast Furnace
41:30 Chain Barding Armor
44:06 Coinage
46:35 Banking
49:25 Murder Holes
49:40 Fortified Wall
51:25 Conscription
51:41 Hoardings
53:08 Bombard Tower
52:33 Arrowslits
55:15 Guard Tower
66:05 Caravan
GabbyMister
8:04 Feudal Age
12:52 Castle Age
13:35 Double-Bit Axe
14:23 Horse Collar
17:14 Wheelbarrow
16:40 Loom
17:03 Heavy Plow
17:15 Bow Saw
18:43 Hand Cart
18:59 Gold Mining
18:59 Stone Mining
24:30 Gold Shaft Mining
24:30 Stone Shaft Mining
27:02 Imperial Age
25:24 Ballistics
25:22 Pikeman
26:13 Forging
26:03 Scale Mail Armor
27:56 Iron Casting
27:51 Chain Mail Armor
30:09 Blast Furnace
28:31 Halberdier
29:02 Arson
29:56 Gambesons
30:42 Conscription
31:23 Hoardings
31:12 Conscription
31:31 Plate Mail Armor
32:52 Chemistry
31:57 Siege Engineers
32:11 Stronghold
33:15 Heavy Scorpion
48:32 Furor Celtica
Connection lost

Rejoining the realm…

Still unreachable

The connection could not be restored.

Session expired

The server has moved on; the page needs a fresh start.